 Dungeon Crawl Stone Soup version 0.26.1-11-gd32895ea62 (webtiles) character file.

Game seed: 11646797342038213033

1295 tizbic2 the Poker (level 8, -5/75 HPs)
             Began as a Troll Wanderer on July 2, 2021.
             Was an Elder of Cheibriados.
             Slain by Joseph
             ... wielding a cursed +0 hunting sling
              (11 damage)
             ... on level 7 of the Dungeon.
             The game lasted 00:27:57 (5392 turns).

tizbic2 the Poker (Troll Wanderer)                  Turns: 5392, Time: 00:27:57

Health: -5/75      AC:  6    Str: 36    XL:     8   Next: 30%
Magic:  7/7        EV: 13    Int: 18    God:    Cheibriados [****..]
Gold:   66         SH:  0    Dex: 15    Spells: 3/7 levels left

rFire    . . .     SeeInvis .   y - +2 trident of Jaofaleitt {vorpal, rN+ Str+7 Dex-5}
rCold    . . .     Faith    .   (no shield)
rNeg     + . .     Spirit   .   d - +0 robe
rPois    .         Reflect  .   (helmet restricted)
rElec    .         Harm     .   (no cloak)
rCorr    .         Rampage  .   (gloves unavailable)
Will     .....                  (boots unavailable)
Stlth    +.........             (no amulet)
HPRegen  0.62/turn              h - +4 ring of evasion
MPRegen  0.10/turn              w - ring of wizardry

@: mighty, very slow
A: large, unfitting armour, claws 3, regeneration 1, shaggy fur 1, tough skin 3
a: Renounce Religion, Bend Time, Temporal Distortion, Slouch


You were on level 7 of the Dungeon.
You worshipped Cheibriados.
Cheibriados was greatly pleased with you.
You visited 1 branch of the dungeon, and saw 7 of its levels.
You also visited: Ossuary.

You collected 295 gold pieces.
You spent 229 gold pieces at shops.

Inventory:

Hand Weapons
 y - the +2 trident of Jaofaleitt (weapon) {vorpal, rN+ Str+7 Dex-5}
   (You bought it in a shop on level 4 of the Dungeon)

   It inflicts extra damage upon your enemies.
   It affects your strength (+7).
   It affects your dexterity (-5).
   It protects you from negative energy.
Missiles
 g - 38 poisoned darts
 k - a throwing net
 n - 8 large rocks
 o - 150 stones (quivered)
Armour
 d - a +0 robe (worn)
Magical Staves
 C - an uncursed staff of conjuration
Jewellery
 h - a +4 ring of evasion (left claw)
 w - a ring of wizardry (right claw)
 B - an uncursed ring of protection from fire
Wands
 x - a wand of flame (34)
Scrolls
 a - a scroll of fear {unknown}
 b - 3 scrolls of teleportation
 c - 2 scrolls of magic mapping
 j - a scroll of identify
 m - 2 scrolls of enchant weapon
 q - 3 scrolls of fog
 u - 2 scrolls of remove curse
 z - a scroll of amnesia {unknown}
Potions
 e - 3 potions of invisibility {unknown}
 f - 4 potions of curing
 i - a potion of cancellation
 l - a potion of lignification {unknown}
 p - a potion of attraction {unknown}
 r - 3 potions of heal wounds {unknown}
 s - 4 potions of flight
 t - 3 potions of ambrosia
 v - a potion of resistance
 D - a potion of mutation {unknown}


   Skills:
 - Level 3.1 Fighting
 + Level 7.8 Polearms
 - Level 1.0 Throwing
 - Level 0.9 Dodging
 - Level 1.7 Shields
 - Level 0.2 Spellcasting
 - Level 1.0 Translocations
 - Level 2.4 Earth Magic
 - Level 0.6 Invocations


You had 3 spell levels left.
You knew the following spells:

 Your Spells              Type           Power        Failure   Level
a - Sandblast             Erth           18%          3%          1
b - Stone Arrow           Conj/Erth      8%           16%         3

Your spell library contained the following spells:

 Spells                   Type           Power        Failure   Level


Dungeon Overview and Level Annotations

Branches:
Dungeon (7/15)             Temple (0/1) D:7         Ossuary (visited)

Altars:
Ashenzari
Cheibriados
Gozag
Qazlal
Ru
Uskayaw
Xom
The Shining One

Shops:
D:4 (   D:7 (

Annotations:
D:6 2 transporters
D:7 Joseph


Innate Abilities, Weirdness & Mutations

You are too large for most types of armour.
You have claws for hands.
Your natural rate of healing is unusually fast.
You are covered in fur. (AC +1)
You have extremely tough skin. (AC +3)


Message History

The howler monkey zombie hits you.
You feel very mighty all of a sudden. Joseph hits you but does no damage.
The howler monkey zombie hits you.
* * * LOW HITPOINT WARNING * * *
You closely miss Joseph.
Joseph is moderately wounded.
The howler monkey zombie hits you but does no damage.
Joseph hits you with a cursed +0 hunting sling!
* * * LOW HITPOINT WARNING * * *
You impale Joseph!!
Joseph is almost dead.
The howler monkey zombie hits you.
* * * LOW HITPOINT WARNING * * *
Joseph hits you with a cursed +0 hunting sling!
* * * LOW HITPOINT WARNING * * *
You puncture Joseph!
Joseph is almost dead.
The howler monkey zombie hits you but does no damage.
Joseph hits you with a cursed +0 hunting sling!
You die...

#....##.##...##.#
####....##††.##.#
####....†....#
#....>....#
#.........#
##.##...##.#
#..##...##.## ##.
#........(@Z##.....
#.###.(#.##@†<.....
#. ##.Z(###.......
#......### #......
....(@.# ......
.?...K.. .....
........ .....
....K... ....
.......∩. ....
.......


You could see Joseph and a howler monkey zombie.

Vanquished Creatures
  A sky beast (D:5)
  A phantom (D:6)
  An ogre (D:5)
  2 centaurs
  A bullfrog (D:6)
  A water moccasin zombie (Ossuary)
  A scorpion (D:6)
  A quasit (D:7)
  An orc priest (D:5)
  A hound (D:5)
  3 orc wizards
  3 worker ants
  2 iguanas
  2 big kobold zombies (Ossuary)
  3 hound skeletons
  2 mummies (Ossuary)
  A worker ant zombie (D:6)
  4 gnolls (D:2)
  12 adders
  2 white imps
  An ooze (D:3)
  2 adder zombies (Ossuary)
  4 worms
  3 dart slugs
  A leopard gecko (D:6)
  7 orcs
  5 ball pythons (D:3)
  3 giant cockroaches
  4 gnoll zombies (Ossuary)
  4 goblins
  6 hobgoblins
  10 jackals
  2 quokkas
  2 bats (D:2)
  A goblin zombie (D:6)
  4 hobgoblin zombies (Ossuary)
  7 kobolds
  2 kobold zombies (Ossuary)
  5 orc zombies (Ossuary)
  A quokka zombie (D:6)
  8 rats
127 creatures vanquished.

Vanquished Creatures (others)
  8 fungi (D:5)
  A plant (D:3)
9 creatures vanquished.

Grand Total: 136 creatures vanquished

Notes
Turn   | Place    | Note
-------+----------+-------------------------------------------
     0 | D:1      | tizbic2 the Troll Wanderer began the quest for the Orb.
     0 | D:1      | tizbic2 set off with the following items: a +2 spear, a
                  | scroll of teleportation, a +0 robe; and the following spell
                  | memorised: Sandblast; and the following spells available to
                  | memorise: Stone Arrow
     0 | D:1      | Reached XP level 1. HP: 22/22 MP: 0/0
   623 | D:2      | Found a faded altar of an unknown god.
   631 | D:2      | Became a worshipper of Cheibriados the Contemplative
   631 | D:2      | Reached * piety under Cheibriados
   664 | D:2      | Noticed a worker ant
   673 | D:2      | Killed a worker ant
   674 | D:2      | Reached XP level 2. HP: 26/29 MP: 1/1
   674 | D:2      | Reached XP level 3. HP: 32/36 MP: 2/2
   675 | D:2      | Reached skill level 2 in Polearms
   820 | D:2      | Reached XP level 4. HP: 32/45 MP: 3/3
   837 | D:2      | Reached ** piety under Cheibriados
   840 | D:2      | Found a shimmering altar of Xom.
   840 | D:2      | Found a sacrificial altar of Ru.
  1439 | D:2      | Found a glowing golden altar of the Shining One.
  1853 | D:3      | Reached XP level 5. HP: 53/53 MP: 4/4
  2069 | D:3      | Reached skill level 3 in Polearms
  2204 | D:3      | Learned a level 3 spell: Stone Arrow
  2640 | D:4      | Found Wajof's Antique Weapon Shoppe.
  2983 | D:5      | Entered Level 5 of the Dungeon
  3120 | D:5      | Identified the cursed +1 mace of Kiwuw {flame, *Slow Will+
                  | Int+4}
  3311 | D:4      | Bought a slimy trident for 229 gold pieces
  3311 | D:4      | Identified the +2 trident of Jaofaleitt {vorpal, rN+ Str+7
                  | Dex-5} (You bought it in a shop on level 4 of the Dungeon)
  3364 | D:5      | Noticed a sky beast
  3369 | D:5      | Killed a sky beast
  3370 | D:5      | Reached skill level 4 in Polearms
  3370 | D:5      | Reached XP level 6. HP: 61/61 MP: 5/5
  3514 | D:5      | Reached *** piety under Cheibriados
  3632 | D:5      | Reached skill level 5 in Polearms
  3636 | D:5      | HP: 2/61 [orc (3)]
  3642 | D:5      | Reached XP level 7. HP: 4/67 MP: 6/6
  3644 | D:5      | HP: 1/67 [orc (4)]
  3766 | D:5      | Found a glowing golden altar of the Shining One.
  4302 | D:6      | Reached skill level 6 in Polearms
  4362 | D:6      | Found a sand-covered staircase.
  4370 | Ossuary  | Entered an ossuary
  4808 | D:6      | Reached **** piety under Cheibriados
  4839 | D:6      | Reached skill level 7 in Polearms
  4839 | D:6      | Reached XP level 8. HP: 20/75 MP: 7/7
  4964 | D:6      | Found a broken altar of Ashenzari.
  4964 | D:6      | Found a stormy altar of Qazlal.
  5113 | D:6      | Noticed a white ugly thing
  5114 | D:6      | Found a hide-covered altar of Uskayaw.
  5114 | D:6      | Noticed a cyclops
  5117 | D:6      | Found a transporter.
  5129 | D:6      | Found a transporter.
  5231 | D:6      | Found an opulent altar of Gozag.
  5342 | D:7      | Found a staircase to the Ecumenical Temple.
  5368 | D:7      | Found Todumn's Weapon Shop.
  5368 | D:7      | Noticed Joseph
  5392 | D:7      | Slain by Joseph

Illustrated notes

Levels and vault maps discovered:
D:1:      minmay_arrival_doors, layout_loops_cross, hex_medium,
          chequers_serial_rivers_large_a
D:2:      layout_basic, gammafunk_temple_overflow_elements,
          chequers_ecumenical_altar_simple_redux, nicolae_tso_carved_into_rock
D:3:      layout_loops_ring, minmay_shallow_snake_nest
D:4:      layout_rooms, serial_shops, nicolae_shop_crystal
D:5:      layout_basic, kennysheep_mini, serial_aquarium,
          aquarium_bridge_straight [aquarium_subvault_bridge,
          aquarium_subvault_wall, aquarium_subvault_bridge,
          aquarium_subvault_wall], aquarium_window_1, aquarium_window_double,
          aquarium_window_fake, aquarium_view_2c, aquarium_view_2c,
          aquarium_pool_five
D:6:      layout_gridville, gammafunk_temple_overflow_arena, old_standard_altar,
          gammafunk_temple_overflow_pools, enter_ossuary_4
D:7:      minmay_cornered_nines, layout_cave_pods, kennysheep_little_box,
          minmay_temple_entry_stoned_glass, serial_shops, shop, shop, shop,
          shop, uniq_joseph

Skill      XL: |  1  2  3  4  5  6  7 |
---------------+----------------------+-----
Earth Magic    | 2 |  2.4
Polearms       | 2 4 5 7 |  7.8
Fighting       | 3 |  3.1
Throwing       | |  1.0
Dodging        | |  0.9
Shields        | |  1.7
Spellcasting   | |  0.2
Translocations | |  1.0
Invocations    | |  0.6

Action                   |  1- 3 |  4- 6 |  7- 9 || total
-------------------------+-------+-------+-------++-------
Melee: Spear             |    84 |   176 |       ||   260
       Trident           |       |    33 |   187 ||   220
Throw: Stone             |       |     3 |     1 ||     4
       Dart              |       |     2 |       ||     2
 Cast: Sandblast         |       |     4 |     4 ||     8
       Stone Arrow       |       |       |     3 ||     3
Invok: Bend Time         |       |     2 |     1 ||     3
  Use: Scroll            |     1 |     1 |     8 ||    10
       Potion            |       |     2 |     5 ||     7
 Stab: Sleeping          |       |       |     3 ||     3
Armor: Robe              |    32 |    76 |    51 ||   159
Dodge: Dodged            |    50 |   148 |   129 ||   327
